Map: Oceanborn LE

Players

Cherub

  • Race: Terran Terran
  • League: Diamond
  • Spawn Location: 11:00

SubN - Winner!

  • Race: Zerg Zerg
  • League: Diamond
  • Spawn Location: 5:00

VOD

Have the link to the VOD?

Description

Time

  • Played on: Jan. 4, 2024, 8:38 p.m.
  • Length: 22:54
Show
View Real Time Build Order
Export as new Build Order

Cherub Terran 

Build Orders:  

Get SALT Encoding   

  12  0:01  SCV  
  13  0:13  SCV  
  14  0:25  Supply Depot  
  14  0:26  SCV  
  15  0:47  SCV  
  15  0:49  Barracks  
  16  0:53  Barracks  
  16  0:58  Refinery  
  16  0:59  SCV  
  17  1:04  Refinery  
  18  1:11  SCV  
  18  1:18  Supply Depot  
  18  1:26  SCV  
  19  1:35  Barracks Tech Lab  
  19  1:42  Barracks  
  19  1:48  SCV  
  20  1:54  Marine  
  20  1:57  Marine  
  22  2:03  Combat Shield  
  23  2:08  SCV  
  23  2:15  Marine  
  24  2:17  Marine  
  25  2:24  Orbital Command  
  25  2:29  Marine  
  26  2:36  Marine x2  
  28  2:44  Factory  
  28  2:47  Marine  
  29  2:56  Barracks Tech Lab  
  31  2:58  Marauder  
  31  3:09  Supply Depot, Marine  
  32  3:15  Stimpack  
  32  3:18  Marine  
  33  3:24  Concussive Shells  
  33  3:28  Widow Mine  
  35  4:05  Command Center  
  35  4:12  Factory Reactor, Starport  
  35  4:23  Barracks Tech Lab  
  37  4:24  Marauder  
  37  4:25  Marauder  
  39  4:31  Supply Depot  
  39  4:35  SCV  
  42  4:56  Marauder  
  42  4:58  Medivac x2  
  46  5:01  Marauder, Marine  
  46  5:04  SCV  
  50  5:08  Widow Mine  
  52  5:17  Marine  
  52  5:18  Marine  
  52  5:19  SCV  
  55  5:21  Marine, SCV  
  57  5:38  Medivac x2  
  61  5:43  Orbital Command  
  61  5:44  SCV  
  62  5:50  Engineering Bay  
  62  5:53  Widow Mine  
  62  5:56  SCV  
  65  6:07  Supply Depot  
  65  6:09  Supply Depot  
  65  6:11  SCV x2  
  67  6:23  SCV x2  
  69  6:33  Terran Infantry Weapons Level 1  
  69  6:36  SCV  
  69  6:37  SCV  
  69  6:38  Engineering Bay, Widow Mine  
  73  6:40  Marauder x2  
  73  6:42  Marauder  
  79  6:48  SCV  
  79  6:49  SCV  
  79  6:51  Supply Depot  
  79  6:52  Supply Depot  
  81  7:00  Widow Mine  
  81  7:01  Marine, SCV x2  
  86  7:13  Marine x2  
  82  7:36  Marauder x2  
  82  7:37  Marauder  
  88  7:40  Liberator  
  79  8:07  Refinery, SCV x2  
  79  8:08  Refinery  
  79  8:12  Command Center  
  81  8:17  Marauder x3, Liberator  
  81  8:19  Widow Mine  
  92  8:23  SCV x2  
  92  8:24  Command Center  
  92  8:25  Command Center  
  94  8:39  Supply Depot  
  94  8:41  Supply Depot  
  94  8:43  Medivac  
  96  8:56  SCV x2  
  96  8:58  Terran Infantry Armor Level 1  
  96  9:00  Medivac  
  100  9:03  Armory  
  98  9:27  Orbital Command  
  98  9:33  Command Center, Widow Mine  
  98  9:34  Marauder x3  
  98  9:35  Liberator  
  98  9:36  Liberator  
  109  9:47  Missile Turret x3  
  109  9:50  Missile Turret  
  109  9:53  Missile Turret  
  109  9:55  Missile Turret, Widow Mine  
  109  9:57  Missile Turret  
  109  9:59  Missile Turret x2  
  111  10:05  Orbital Command  
  110  10:11  Orbital Command x2  
  107  10:42  Liberator x2  
  107  10:43  Missile Turret  
  107  10:44  Missile Turret, Widow Mine  
  107  10:47  SCV x5  
  120  10:52  Orbital Command  
  120  10:58  Missile Turret  
  120  10:59  Missile Turret  
  120  11:05  Widow Mine  
  114  11:25  Liberator x2  
  105  11:34  Marine x3  
  97  11:52  Marine x3  
  74  12:08  Liberator x2  
  70  12:10  Marine x3  
  70  12:11  Missile Turret  
  70  12:15  Missile Turret  
  79  12:16  Missile Turret x2  
  79  12:17  Missile Turret  
  79  12:18  Missile Turret  
  74  12:27  Marine  
  72  12:51  Liberator x2  
  68  12:57  Widow Mine  
  76  13:05  Marine x3  
  79  13:18  Widow Mine  
  76  13:23  Marine x2  
  75  13:27  Marine  
  75  13:34  Liberator, Medivac  
  73  13:39  Widow Mine  
  73  13:41  Marine x2  
  76  13:42  Missile Turret  
  76  13:46  Missile Turret  
  69  13:50  Marine  
  68  13:59  Marine x2  
  69  14:04  Liberator  
  69  14:09  Missile Turret  
  72  14:10  Orbital Command  
  72  14:11  Missile Turret x2  
  72  14:17  Missile Turret x3, Liberator  
  72  14:19  Missile Turret  
  72  14:21  Missile Turret  
  75  14:30  Refinery  
  75  14:33  Marauder, Marine  
  75  14:34  Marauder  
  75  14:36  Widow Mine  
  80  14:46  Liberator  
  80  14:52  Missile Turret  
  83  14:56  Missile Turret  
  83  14:57  Marine  
  83  14:58  Marine x2  
  83  14:59  Liberator, SCV x3  
  90  15:00  SCV  
  90  15:05  Refinery  
  90  15:07  Refinery  
  93  15:09  Command Center  
  93  15:11  SCV x3  
  96  15:16  Marine x2  
  96  15:17  Marine  
  96  15:20  Widow Mine  
  101  15:22  Missile Turret  
  101  15:23  Missile Turret  
  101  15:24  Missile Turret  
  101  15:29  Liberator  
  101  15:31  SCV  
  101  15:32  SCV x2  
  101  15:34  Marine  
  108  15:42  Medivac  
  108  15:44  Marauder x2  
  108  15:45  Missile Turret  
  114  15:50  Hi-Sec Auto Tracking  
  114  16:01  Marine, Starport  
  114  16:04  Hellion  
  117  16:05  Marauder x2  
  121  16:12  Viking, Medivac  
  122  16:19  Marine  
  118  16:32  Missile Turret x2  
  118  16:35  Missile Turret  
  118  16:36  Planetary Fortress  
  118  16:37  Missile Turret  
  118  16:41  Starport Tech Lab  
  118  16:42  Viking, Medivac  
  122  16:49  SCV  
  122  16:50  SCV x3  
  126  17:03  Command Center  
  126  17:04  Command Center  
  126  17:29  Widow Mine  
  128  17:40  Marauder x2  
  128  17:41  Barracks Tech Lab  
  128  17:42  Medivac x2  
  136  17:45  Banshee  
  136  17:50  Widow Mine  
  136  17:51  Refinery  
  129  18:37  Marauder  
  129  18:38  Marauder x2  
  129  18:39  Liberator x3  
  129  18:40  Orbital Command  
  138  18:56  Missile Turret  
  138  18:57  Missile Turret  
  138  19:00  Missile Turret  
  138  19:01  Missile Turret  
  138  19:02  Marauder x3, Missile Turret x2  
  144  19:03  Missile Turret  
  144  19:05  Refinery  
  144  19:07  Refinery  
  119  19:39  Marauder x3, Orbital Command  
  119  19:45  Liberator x2, Armory  
  128  19:46  Liberator  
  134  19:53  SCV  
  135  20:16  Factory Reactor  
  135  20:24  SCV  
  135  20:25  SCV x3  
  135  20:27  Planetary Fortress  
  139  20:35  Factory  
  139  20:36  Terran Vehicle And Ship Armor Level 1, SCV  
  136  21:07  Marauder x3  
  87  21:35  Marauder  
  87  21:36  Marauder x2  
  91  22:17  Barracks x2  
  91  22:19  Barracks, SCV  
  92  22:24  Marauder x3  
  98  22:31  SCV  
  98  22:32  Widow Mine x3  
Show
View Real Time Build Order
Export as new Build Order

SubN Zerg - Winner!

Build Orders: Pool First 

Get SALT Encoding   

  12  0:00  Drone  
  13  0:08  Drone  
  13  0:14  Extractor  
  13  0:27  Spawning Pool  
  12  0:59  Hatchery  
  11  1:06  Drone  
  12  1:20  Queen  
  14  1:33  Metabolic Boost  
  14  1:40  Overlord  
  14  1:48  Overlord  
  14  1:58  Zergling x4  
  16  2:03  Zergling x2  
  17  2:11  Zergling x2  
  18  2:18  Queen  
  20  2:36  Drone x4  
  24  2:45  Zergling x4  
  26  2:52  Drone x2  
  26  2:57  Drone  
  29  3:02  Drone  
  30  3:16  Drone x4  
  34  3:32  Drone x2  
  34  3:33  Overlord  
  34  3:34  Overlord  
  33  3:48  Drone x5  
  33  3:55  Baneling Nest  
  34  3:56  Overlord  
  34  4:00  Zergling x4  
  34  4:02  Zergling x2  
  37  4:08  Zergling x4  
  37  4:09  Zergling x2  
  40  4:16  Zergling x2  
  41  4:18  Overlord  
  41  4:20  Zergling x2  
  42  4:37  Drone x5  
  47  4:39  Baneling  
  47  4:40  Baneling x5  
  47  4:47  Overlord  
  47  4:52  Hatchery  
  46  4:55  Overlord  
  46  5:00  Drone  
  46  5:01  Drone x4  
  46  5:05  Extractor, Queen  
  52  5:19  Drone  
  53  5:22  Lair, Extractor  
  53  5:23  Drone x2  
  53  5:24  Drone x4  
  58  5:33  Drone x2  
  59  5:38  Drone x2  
  59  5:39  Drone x2  
  59  5:41  Extractor  
  62  5:43  Queen  
  62  5:45  Drone  
  62  5:48  Drone  
  66  5:50  Drone  
  66  5:56  Drone x3  
  70  6:02  Overlord  
  70  6:09  Queen  
  73  6:11  Drone x2  
  73  6:14  Overlord, Extractor  
  73  6:15  Extractor  
  72  6:18  Queen  
  72  6:20  Zergling x2  
  72  6:23  Drone x6  
  72  6:25  Drone  
  82  6:31  Drone  
  83  6:32  Spire  
  83  6:36  Overseer  
  83  6:38  Overseer  
  83  6:39  Overseer  
  82  6:44  Queen  
  84  6:49  Drone  
  84  6:50  Drone x3  
  84  6:54  Pneumatized Carapace  
  88  6:56  Queen  
  90  7:03  Overlord x4  
  90  7:12  Centrifugal Hooks  
  69  7:24  Zergling x26  
  81  7:34  Zergling x2  
  81  7:35  Zergling x6  
  74  8:03  Hatchery  
  73  8:09  Hatchery  
  73  8:11  Baneling x6  
  73  8:12  Baneling x5  
  72  8:16  Overlord x3  
  74  8:33  Mutalisk  
  76  8:39  Lair  
  74  8:42  Zerg Flyer Weapons Level 1  
  74  8:43  Mutalisk  
  76  8:59  Mutalisk x4  
  84  9:26  Drone  
  84  9:27  Drone x7  
  84  9:28  Queen  
  85  9:42  Mutalisk x4  
  91  9:47  Overseer  
  91  9:49  Drone x2  
  93  10:08  Mutalisk  
  93  10:09  Mutalisk x5  
  104  10:36  Mutalisk x4  
  104  10:42  Drone x3  
  115  10:43  Drone x2  
  115  10:46  Queen  
  115  10:48  Drone x2  
  121  10:53  Zergling x8  
  125  10:57  Evolution Chamber  
  125  10:58  Evolution Chamber  
  108  11:24  Zergling x2  
  108  11:25  Zergling x20  
  110  11:33  Zerg Melee Weapons Level 1  
  110  11:34  Zerg Ground Armor Level 1  
  110  11:35  Zergling x8  
  103  12:03  Drone x9  
  103  12:04  Hatchery  
  103  12:07  Zerg Flyer Weapons Level 2  
  111  12:24  Hatchery  
  111  12:25  Mutalisk x4  
  111  12:29  Overseer x3  
  116  12:52  Overlord x2  
  116  12:53  Overlord x3  
  116  13:05  Infestation Pit  
  116  13:10  Queen  
  113  13:40  Zergling x14  
  113  13:41  Zergling x18  
  129  14:02  Queen  
  127  14:05  Baneling x16  
  127  14:06  Baneling x3  
  127  14:09  Zerg Melee Weapons Level 2  
  129  14:10  Zerg Ground Armor Level 2  
  129  14:15  Hive, Queen  
  129  14:22  Extractor  
  129  14:23  Mutalisk x4  
  129  14:24  Mutalisk x2, Extractor  
  137  14:42  Mutalisk  
  137  14:43  Mutalisk x6  
  151  14:50  Overlord  
  151  14:51  Overlord x4  
  149  14:55  Zerg Flyer Armor Level 1  
  149  14:59  Overlord x2  
  149  15:09  Queen  
  149  15:12  Drone x2  
  149  15:13  Drone x4  
  157  15:15  Drone x3  
  160  15:23  Overseer x2  
  160  15:25  Overseer x2  
  160  15:40  Drone x6  
  166  15:47  Adrenal Glands  
  166  15:58  Zergling x16  
  166  15:59  Zergling x8, Ultralisk Cavern  
  141  16:31  Mutalisk  
  141  16:32  Mutalisk x5  
  145  16:38  Zerg Melee Weapons Level 3  
  145  16:39  Zerg Ground Armor Level 3  
  149  16:41  Drone  
  149  16:42  Zergling x2  
  149  16:43  Zergling x18  
  160  16:47  Overlord x2  
  160  16:49  Zerg Flyer Weapons Level 3  
  160  16:54  Ultralisk x2  
  166  16:56  Overlord  
  172  17:14  Drone x5  
  167  17:23  Hatchery  
  167  17:25  Hatchery  
  167  17:27  Ultralisk x2  
  177  17:33  Zergling x2  
  178  17:46  Baneling x9  
  178  17:47  Baneling  
  178  17:48  Baneling x7  
  178  17:49  Baneling x9  
  178  17:50  Baneling x11  
  178  17:51  Baneling  
  178  18:06  Mutalisk x4  
  186  18:21  Mutalisk x3  
  176  18:37  Mutalisk x4  
  182  18:42  Drone x6  
  182  18:46  Drone x2  
  182  18:47  Drone, Extractor  
  190  18:48  Drone x2  
  190  18:49  Drone, Extractor, Queen  
  194  18:57  Extractor  
  194  18:58  Drone x3  
  194  18:59  Drone x3, Extractor  
  194  19:01  Drone x2  
  181  19:28  Zergling x16  
  185  19:39  Queen  
  187  19:50  Overlord x6  
  187  19:51  Overlord x3  
  187  19:55  Overlord x2  
  187  20:04  Neural Parasite  
  187  20:05  Zerg Flyer Armor Level 2  
  187  20:15  Infestor x5  
  187  20:20  Burrow  
  197  20:38  Infestor  
  197  20:42  Zergling x2  
  197  21:03  Extractor  
  180  21:06  Hatchery, Extractor  
  171  21:14  Zergling x2  
  171  21:15  Zergling x36  
  164  21:33  Corruptor x7  
  164  21:39  Zergling x4  
  184  21:40  Zergling x38  
  199  21:52  Zergling x8  
  199  21:53  Zergling x2  
  198  22:01  Baneling x7  
  198  22:02  Baneling x8  
  198  22:18  Baneling x6  
  198  22:19  Baneling x9  
  198  22:20  Zergling x4  
Tags
 
Add a new tag
Caveats
  • Supply blocks, unpowered buildings, or Contaminate may cause inaccurate times.
  • Supply counts are checked every 10 seconds.